 Dungeon Crawl Stone Soup version 0.20.1-1-g8b1a95d (webtiles) character file.

322 pzail the Chopper (level 6, 0/55 HPs)
             Began as a Hill Orc Fighter on Oct 23, 2017.
             Succumbed to an adder's poison
             ... on level 4 of the Dungeon.
             The game lasted 00:24:45 (2526 turns).

pzail the Chopper (Hill Orc Fighter)                Turns: 2526, Time: 00:24:45

Health: 0/55       AC:  9    Str: 21    XL:     6   Next: 47%
Magic:  0/6        EV: 13    Int:  8    God:
Gold:   173        SH:  0    Dex: 15    Spells: 5/5 levels left

rFire    . . .     SeeInvis .   r - +0 great mace
rCold    . . .     Gourm    .   (shield currently unavailable)
rNeg     . . .     Faith    .   x - +0 chain mail
rPois    .         Spirit   +   (no helmet)
rElec    .         Reflect  .   v - scarf {Spirit}
rCorr    .         Harm     .   (no gloves)
MR       .....                  (no boots)
Stlth    ..........             (no amulet)
Regen    0.2/turn               (no ring)
MPRegen  0.1/turn               (no ring)

@: agile, lethally poisoned (0 -> -3)
A: no striking features
a: no special abilities


You were on level 4 of the Dungeon.
You were hungry.

You visited 1 branch of the dungeon, and saw 5 of its levels.

You collected 173 gold pieces.

Inventory:

Hand Weapons
 a - a +0 war axe
 e - a +0 rapier
 j - a +0 flail
 r - a +0 great mace (weapon)
Missiles
 g - 52 bolts
 q - 10 arrows
 w - 5 tomahawks of returning (quivered)
Armour
 b - a +1 scale mail
 c - a +0 shield
 s - a +1 cloak
 v - a scarf of spirit shield (worn)
 x - a +0 chain mail (worn)
Jewellery
 h - an uncursed ring of flight
Scrolls
 i - 4 scrolls of remove curse
 k - 2 scrolls of recharging
 l - a scroll of enchant weapon
 m - 2 scrolls of identify
Potions
 d - a potion of might
 n - a potion of curing
Comestibles
 f - 4 bread rations


   Skills:
 + Level 4.8 Fighting
 + Level 4.9(5.7) Axes
 + Level 3.5(4.4) Maces & Flails
 + Level 4.5 Armour
 + Level 0.4 Dodging
 + Level 0.3 Stealth
 - Level 3.3 Shields


You had 5 spell levels left.
You didn't know any spells.

Dungeon Overview and Level Annotations

Branches:
Dungeon (5/15)
 Temple: D:4-7

Altars:


Message History

You miss the adder.
The adder is almost dead.
You feel sick. The adder bites you but does no damage. The adder bites you.
* * * LOW HITPOINT WARNING * * *
The orc hits you but does no damage.
You miss the adder.
The adder is severely wounded.
The adder bites you but does no damage. The orc barely misses you.
The adder misses you.
You closely miss the adder.
The adder is severely wounded.
The adder bites you.
You are lethally poisoned!
The adder poisons you! The orc hits you but does no damage.
The adder bites you but does no damage. The orc hits you but does no damage.
* * * LOW HITPOINT WARNING * * *
You feel sick.
You closely miss the adder.
The adder is severely wounded.
You die...

#.........# #####
#.........# #...#
#.........# #...#
#.........# #...#
#.........### #...#
#.........#.. #...###
#.........#.# #.....(
###########.#
#####(..... #@#
###...(.#.... #######S#
#...)...#....
.......o#+##.#.)...#....
#######...o.............
#......####.##....
#.................
#......#####.####.
#......# .. #......# ###


You could see an adder and an orc.

Vanquished Creatures
  An ogre (D:4)
  An orc wizard (D:4)
  A centaur skeleton (D:4)
  2 worker ants (D:4)
  A hound skeleton (D:4)
  4 adders
  4 dart slugs
  A worm (D:2)
  A leopard gecko (D:4)
  5 orcs
  6 giant cockroaches
  6 goblins
  9 hobgoblins
  6 jackals
  7 bats
  5 frilled lizards
  5 kobolds
  7 rats
72 creatures vanquished.

Notes
Turn   | Place    | Note
-------+----------+-------------------------------------------
     0 | D:1      | pzail the Hill Orc Fighter began the quest for the Orb.
     0 | D:1      | Reached XP level 1. HP: 19/19 MP: 1/1
   277 | D:1      | Reached XP level 2. HP: 16/27 MP: 2/2
   969 | D:2      | Reached XP level 3. HP: 33/33 MP: 3/3
  1155 | D:2      | Reached XP level 4. HP: 38/40 MP: 4/4
  2020 | D:3      | You fall through a shaft for 2 floors!
  2020 | D:5      | Entered Level 5 of the Dungeon
  2022 | D:5      | Noticed an ogre
  2024 | D:4      | Noticed an ogre
  2032 | D:4      | Killed an ogre
  2032 | D:4      | Reached XP level 5. HP: 22/47 MP: 2/5
  2207 | D:4      | Reached XP level 6. HP: 28/55 MP: 6/6
  2522 | D:4      | HP: 1/55 [adder (3)]
  2526 | D:4      | Succumbed to an adder's poison

Skill      XL: |  1  2  3  4  5  6 |
---------------+-------------------+-----
Fighting       | 4 |  4.8
Axes           | 3 4 |  4.9
Maces & Flails | 2 3 |  3.5
Armour         | 4 |  4.5
Dodging        | |  0.4
Stealth        | |  0.3
Shields        | |  3.3

Action                   |  1- 3 |  4- 6 || total
-------------------------+-------+-------++-------
Melee: War axe           |   104 |    14 ||   118
       Great mace        |       |   120 ||   120
  Use: Scroll            |     4 |     5 ||     9
       Potion            |       |     7 ||     7
  Eat: Meat ration       |     1 |       ||     1
Armor: Scale mail        |    42 |    35 ||    77
       Chain mail        |       |    79 ||    79
Dodge: Dodged            |    33 |   142 ||   175
Block: Shield            |    42 |     2 ||    44
